 Dungeon Crawl Stone Soup version 0.27.0-1-g7a089689b8 (webtiles) character file.

Game seed: 8632341177255852895

246 orehx the Conjurer (level 6, -1/36 HPs)
             Began as an Octopode Conjurer on Aug 2, 2021.
             Slain by Blork the orc (10 damage)
             ... on level 4 of the Dungeon.
             The game lasted 00:07:46 (3235 turns).

orehx the Conjurer (Octopode Conjurer)              Turns: 3235, Time: 00:07:47

Health: -1/36      AC:  1    Str: 12    XL:     6   Next: 11%
Magic:  9/9        EV: 13    Int: 23    God:
Gold:   142        SH:  0    Dex: 16    Spells: 2/9 levels left

rFire    . . .     SeeInvis .   i - +0 dagger
rCold    . . .     Faith    .   (no shield)
rNeg     . . .     Spirit   .   (helmet restricted)
rPois    .         Reflect  .   m - amulet of the acrobat
rElec    .         Harm     .   k - +6 ring of dexterity
rCorr    .         Rampage  .   n - +6 ring of strength
Will     .....                  (no ring)
Stlth    +++.......             (no ring)
HPRegen  0.12/turn              (no ring)
MPRegen  0.11/turn              (no ring)
                                (no ring)
                                (no ring)

@: brilliant
A: almost no armour, amphibious, 8 rings, camouflage 1, gelatinous body 1,
(nimble swimmer 1), tentacles
a: no special abilities


You were on level 4 of the Dungeon.
You visited 1 branch of the dungeon, and saw 4 of its levels.

You collected 142 gold pieces.

Inventory:

Hand Weapons
 i - a +0 dagger (weapon)
Magical Staves
 o - a staff of death
Jewellery
 k - a +6 ring of dexterity (left tentacle)
 m - an amulet of the acrobat (around mantle)
 n - a +6 ring of strength (right tentacle)
Scrolls
 b - a scroll of enchant armour {unknown}
 c - 2 scrolls of identify {unknown}
 d - a scroll of immolation
 e - 2 scrolls of teleportation {unknown}
 g - 2 scrolls of blinking {unknown}
 j - a scroll of noise {unknown}
 l - a scroll of summoning {unknown}
Potions
 f - a potion of curing


   Skills:
 - Level 2.0 Dodging
 - Level 2.6 Stealth
 - Level 2.0 Spellcasting
 - Level 6.6 Conjurations
 * Level 2.3 Hexes


You had 2 spell levels left.
You knew the following spells:

 Your Spells              Type           Power      Damage    Failure   Level
a - Magic Dart            Conj           100%       1d8       1%          1
b - Searing Ray           Conj           98%        3d7       1%          2
c - Fulminant Prism       Conj/Hex       17%        3d11      21%         4

Your spell library contained the following spells:

 Spells                   Type           Power      Damage    Failure   Level
 Dazzling Flash           Conj/Hex       68%        N/A       6%          3
 Tukima's Dance           Hex            19%        N/A       14%         3
 Hailstorm                Conj/Ice       26%        3d7       32%         4
 Iskenderun's Mystic Bla  Conj/Tloc      26%        2d7       32%         4
 Ice Form                 Ice/Tmut       3%         N/A       77%         4
 Passage of Golubria      Tloc           N/A        N/A       77%         4
 Yara's Violent Unravell  Hex/Tmut       5%         3d4       91%         5
 Simulacrum               Ice/Necr       1%         N/A       100%        6


Dungeon Overview and Level Annotations

Branches:
Dungeon (4/15)
 Temple: D:4-7

Altars:

Shops:
D:2 [

Annotations:
D:4 Blork the orc


Innate Abilities, Weirdness & Mutations

You cannot wear most types of armour.
You are amphibious.
You can wear up to eight rings at the same time.
Your skin changes colour to match your surroundings (Stealth+).
Your rubbery body absorbs attacks. (AC +1, EV +1)
((You are camouflaged near water. (Stealth+)))
You have tentacles for arms and can constrict up to eight enemies at once.


Message History

Blork the orc mumbles some strange words.
Blork the orc seems to speed up.
Blork the orc points at you and mumbles some strange words.
The puff of frost misses you. Blork the orc casts a spell at you.
The puff of frost hits you!
As you read the scroll labelled QUREPI NIPTA, it crumbles to dust.
The creatures around you are filled with an inner flame!
It was a scroll of immolation.
Blork the orc points at you and mumbles some strange words.
The magic dart hits you!
Casting: Searing Ray (safe; 1% risk of failure)
Confirm with . or Enter, or press ? or * to list all spells.
You don't have enough magic to cast this spell.
It was a potion of brilliance.
You feel clever all of a sudden. Blork the orc casts a spell at you.
The puff of flame hits you.
* * * LOW HITPOINT WARNING * * *
It was a potion of ambrosia.
You are confused.
You feel invigorated.
It was a potion of magic.
Magic courses through your body.
Blork the orc hits you with a +5 vorpal war axe!
* * * LOW HITPOINT WARNING * * *
x2 Blork the orc gestures at you while chanting.
The magic dart hits you.
* * * LOW HITPOINT WARNING * * *
Blork the orc completely misses you.
You feel better.
You feel less invigorated.
Blork the orc screams, "I'll crush all your ribs!
One by one!"
Blork the orc looks braver for a moment.
Blork the orc closely misses you.
Blork the orc screams, "I'm much stronger than you!"
Blork the orc hits you with a +5 vorpal war axe!
* * * LOW HITPOINT WARNING * * *
You hit Blork the orc but do no damage. Your grab misses Blork the orc.
Blork the orc is almost dead.
Blork the orc hits you with a +5 vorpal war axe!
You die...

.........####...# #....##
..........###...# #.....###
................# ##.......###
................# #..........#
...............## ##...........
...(...........# ##............
..............## ##......#.?....
...............###.....####.....
(..............@o....### .....
...........)........## ...#
.##.................# ..##
##..>............## ##
##..............#
##..............#
##########...... ###..... ##....


You could see Blork the orc (fast, inner flame).

Vanquished Creatures
  A hound (D:2)
  8 gnolls
  6 adders
  2 worms (D:3)
  An orc (D:4)
  6 bats
  7 endoplasms
  2 giant cockroaches (D:1)
  9 goblins
  11 hobgoblins
  8 jackals
  4 ball pythons
  4 frilled lizards
  2 kobolds (D:1)
  6 rats
77 creatures vanquished.

Notes
Turn   | Place    | Note
-------+----------+-------------------------------------------
     0 | D:1      | orehx the Octopode Conjurer began the quest for the Orb.
     0 | D:1      | Reached XP level 1. HP: 11/11 MP: 3/3
   160 | D:1      | Reached XP level 2. HP: 17/17 MP: 0/5
   227 | D:1      | Found a faded altar of an unknown god.
   349 | D:1      | Learned a level 2 spell: Searing Ray
   459 | D:1      | Reached XP level 3. HP: 21/21 MP: 2/6
   693 | D:1      | Reached skill level 5 in Conjurations
  1160 | D:1      | Reached XP level 4. HP: 8/27 MP: 3/7
  1412 | D:2      | Reached skill level 6 in Conjurations
  1500 | D:2      | Reached XP level 5. HP: 28/31 MP: 6/8
  1830 | D:2      | Learned a level 4 spell: Fulminant Prism
  1892 | D:2      | Found Ykkaliac's Antique Armour Shoppe.
  2347 | D:3      | Reached skill level 1 in Hexes
  2819 | D:3      | Reached XP level 6. HP: 36/36 MP: 6/9
  3210 | D:4      | Noticed Blork the orc
  3230 | D:4      | HP: 1/36 [Blork the orc/magic dart (6)]
  3235 | D:4      | Slain by Blork the orc

Illustrated notes

Levels and vault maps discovered:
D:1:      tarquinn_simple_flora_water_d, layout_basic,
          ebering_ecumenical_altar_hall, st_stairs_6
D:2:      layout_rooms, serial_shops, shop
D:3:      cheibrodos_greedy_goblins, layout_loops_ring
D:4:      layout_layer_cave, lemuel_tele_altar, uniq_blork_the_orc, uniq_sigmund

Skill      XL: |  1  2  3  4  5 |
---------------+----------------+-----
Conjurations   | 5 6 |  6.6
Hexes          | 2 |  2.3
Dodging        | |  2.0
Stealth        | |  2.6
Spellcasting   | |  2.0

Action                   |  1- 3 |  4- 6 || total
-------------------------+-------+-------++-------
Melee: Unarmed           |     9 |       ||     9
       Constrict         |     2 |     6 ||     8
       Tentacles         |     2 |     3 ||     5
       Dagger            |       |    23 ||    23
 Cast: Magic Dart        |    48 |    56 ||   104
       Searing Ray       |     4 |    15 ||    19
  Use: Potion            |       |     4 ||     4
       Scroll            |       |     1 ||     1
Armor: Skin              |     2 |     3 ||     5
Dodge: Dodged            |     6 |    43 ||    49
